 Dungeon Crawl Stone Soup version 0.21.1-1-g345015f (webtiles) character file.

88 tidbits the Charmwright (level 4, 38/38 HPs)
             Began as a Gnoll Skald on June 20, 2018.
             Quit the game on level 3 of the Dungeon.
             The game lasted 00:02:47 (267 turns).

tidbits the Charmwright (Gnoll Skald)                Turns: 267, Time: 00:02:47

Health: 38/38      AC:  3    Str: 13    XL:     4   Next: 54%
Magic:  8/11       EV: 14    Int: 17    God:
Gold:   31         SH:  0    Dex: 14    Spells: 2/13 levels left

rFire    . . .     SeeInvis .   a - +0 hand axe
rCold    + . .     Gourm    .   (no shield)
rNeg     . . .     Faith    .   B - +0 leather armour {rC+}
rPois    .         Spirit   .   (no helmet)
rElec    .         Reflect  .   (no cloak)
rCorr    .         Harm     .   (no gloves)
MR       .....                  (no boots)
Stlth    +.........             (no amulet)
HPRegen  0.12/turn              (no ring)
MPRegen  0.12/turn              (no ring)

@: no status effects
A: distributed training, fangs 1, strong nose
a: no special abilities


You were on level 3 of the Dungeon.
You were not hungry.

You visited 1 branch of the dungeon, and saw 3 of its levels.

You collected 31 gold pieces.

Inventory:

Hand Weapons
 a - a +0 hand axe (weapon)
 e - a +0 club
 f - a +0 dagger
Missiles
 k - 61 arrows
Armour
 b - a +0 leather armour
 B - a +0 leather armour of cold resistance (worn)
   (You found it on level 2 of the Dungeon)
Scrolls
 g - a scroll of teleportation {unknown}
 h - a scroll of immolation {unknown}
 i - a scroll of amnesia {unknown}
 j - 2 scrolls of remove curse {unknown}
 l - 3 scrolls of identify {unknown}
Books
 c - a book of Battle

   Spells                             Type                      Level
   a - Infusion                       Charms                       1
   b - Shroud of Golubria             Charms/Translocation         2
   c - Song of Slaying                Charms                       2
   d - Spectral Weapon                Hexes/Charms                 3
   e - Regeneration                   Charms/Necromancy            3
Comestibles
 d - 3 rations


   Skills:
 + Level 4.6 Fighting
 + Level 1.1 Short Blades
 + Level 1.1 Long Blades
 + Level 4.6 Axes
 + Level 1.1 Maces & Flails
 + Level 1.1 Polearms
 + Level 1.1 Staves
 + Level 1.1 Slings
 + Level 1.1 Bows
 + Level 1.1 Crossbows
 + Level 1.1 Throwing
 + Level 2.7 Armour
 + Level 4.6 Dodging
 + Level 1.1 Stealth
 + Level 1.1 Shields
 + Level 1.1 Unarmed Combat
 + Level 5.1 Spellcasting
 + Level 0.9 Conjurations
 + Level 0.9 Hexes
 + Level 5.4 Charms
 + Level 0.9 Summonings
 + Level 0.9 Necromancy
 + Level 0.9 Translocations
 + Level 0.9 Transmutations
 + Level 0.9 Fire Magic
 + Level 0.9 Ice Magic
 + Level 0.9 Air Magic
 + Level 0.9 Earth Magic
 + Level 0.9 Poison Magic
 + Level 1.2 Invocations
 + Level 1.1 Evocations


You had 2 spell levels left.
You knew the following spells:

 Your Spells              Type           Power        Failure   Level  Hunger
g - Shroud of Golubria    Chrm/Tloc      ###.......   7%          2    #......
i - Infusion              Chrm           ###.         1%          1    None
r - Regeneration          Chrm/Necr      ###.......   14%         3    ###....
w - Spectral Weapon       Hex/Chrm       ###.....     14%         3    ###....
y - Song of Slaying       Chrm           ###.....     2%          2    #......


Dungeon Overview and Level Annotations

Branches:
Dungeon (3/15)

Altars:
Kikubaaqudgha

Annotations:
D:3 Sigmund


Innate Abilities, Weirdness & Mutations

Your experience applies equally to all skills.
You have very sharp teeth.
Your uncanny sense of smell can sniff out nearby items.


Message History

A goblin comes into view. It is wielding a club.
Found a whip.
The goblin shouts!
Found a robe.
You hit the goblin.
You kill the goblin!
Your spectral weapon fades away.
Things that are here:
a club; a goblin corpse You see here 14 arrows.
k - 34 arrows (gained 14)
You open the door.
There is an open door here.
Wear which item? (? for menu, Esc to quit)
You start removing your armour.
You continue taking off your +0 leather armour. x4
You finish taking off your +0 leather armour.
You start putting on your armour.
You continue putting on your runed leather armour. x5
You finish putting on your +0 leather armour of cold resistance.
You feel resistant to cold.
Adjust (i)tems, (s)pells, or (a)bilities?
Adjust which item? (? for menu, Esc to quit)
g - a +0 leather armour of cold resistance (worn)
Adjust to which letter? (? for menu, Esc to quit)
B - a +0 leather armour of cold resistance (worn)
Found an escape hatch in the floor.
Found a ration.
You see here a ration.
d - 3 rations (gained 1)
Found a leather armour.
A frilled lizard comes into view.
The frilled lizard hisses angrily.
A goblin comes into view. It is wielding a dagger.
The frilled lizard misses you.
Found a scroll labeled VUKULU ASEANE.
Unknown command.
Casting: Spectral Weapon
Confirm with . or Enter, or press ? or * to list all spells.
You draw out your weapon's spirit!
The frilled lizard bites you but does no damage.
The goblin hits your spectral weapon with a dagger.
The frilled lizard barely misses you.
Found 27 arrows.
You see here a leather armour.
An adder comes into view.
The frilled lizard barely misses you.
Found a scroll labeled HOMAXYILUA.
You completely miss the goblin. You barely miss the frilled lizard.
Your spectral weapon hits the goblin!
You kill the goblin!
The frilled lizard closely misses you.
You hit the frilled lizard.
You kill the frilled lizard!
A giant cockroach comes into view.
The adder misses you.
You completely miss the adder.
Your spectral weapon hits the adder!
The adder bites you.
You hit the adder.
You kill the adder!
You closely miss the giant cockroach.
Your spectral weapon hits the giant cockroach.
The giant cockroach barely misses you.
You hit the giant cockroach.
The giant cockroach is heavily wounded.
Your spectral weapon hits the giant cockroach!
You kill the giant cockroach!
Your spectral weapon fades away.
You see here a giant cockroach corpse.
You see here a scroll labeled VUKULU ASEANE.
g - a scroll labeled VUKULU ASEANE You see here 27 arrows.
k - 61 arrows (gained 27)
Found 15 gold pieces.
Found a stone staircase leading down.
You see here a scroll labeled HOMAXYILUA.
l - 3 scrolls labeled HOMAXYILUA (gained 1)
Found an escape hatch in the ceiling.
A kobold comes into view.
The kobold shouts!
You hear a shout!
Sigmund the Dreaded comes into view.
He is wielding a scythe of flaming.
You see here 15 gold pieces.
You now have 31 gold pieces (gained 15).
The kobold hits you but does no damage.
You aren't carrying any potions.
Unknown command.
Casting: Spectral Weapon
Confirm with . or Enter, or press ? or * to list all spells.
You draw out your weapon's spirit!
The kobold closely misses you.
You hit the kobold.
You kill the kobold!
Sigmund says, "I'm your fate." Sigmund hits you but does no damage.
You see here a kobold corpse.
Unknown command.
Sigmund casts a spell.
Sigmund flickers and vanishes!
Unknown command.
You aren't carrying any potions.
Unknown command.
Are you sure you want to abandon this character and quit the game? (Confirm with "yes".)

#.......#.#
#.......#.#
#####.......#.#
#.......###...#
#.......# #####
#.......#
#.......###
###....†..#
#....(@{#
#......<......
#...##########
#...# ####


You could see a friendly spectral hand axe.

Vanquished Creatures
  A bullfrog zombie (D:3)
  Jessica (D:2)
  2 adders
  A giant cockroach (D:3)
  4 goblins
  2 hobgoblins (D:3)
  A bat (D:3)
  A frilled lizard (D:3)
  2 kobolds (D:3)
  A rat (D:2)
16 creatures vanquished.

Notes
Turn   | Place    | Note
-------+----------+-------------------------------------------
     0 | D:1      | tidbits the Gnoll Skald began the quest for the Orb.
     0 | D:1      | Reached XP level 1. HP: 20/20 MP: 6/6
    13 | D:2      | Noticed Jessica
    16 | D:2      | Killed Jessica
    16 | D:2      | Reached XP level 2. HP: 26/26 MP: 4/7
    16 | D:2      | Reached XP level 3. HP: 31/31 MP: 5/9
    20 | D:2      | Learned a level 2 spell: Song of Slaying
    23 | D:2      | Learned a level 2 spell: Shroud of Golubria
    27 | D:2      | Learned a level 3 spell: Regeneration
    31 | D:2      | Learned a level 3 spell: Spectral Weapon
    35 | D:2      | Reached skill level 5 in Spellcasting
    53 | D:2      | Found an ancient bone altar of Kikubaaqudgha.
   137 | D:3      | Reached skill level 1 in Invocations
   141 | D:3      | Reached skill level 1 in Short Blades
   141 | D:3      | Reached skill level 1 in Long Blades
   141 | D:3      | Reached skill level 1 in Maces & Flails
   141 | D:3      | Reached skill level 1 in Polearms
   141 | D:3      | Reached skill level 1 in Staves
   141 | D:3      | Reached skill level 1 in Slings
   141 | D:3      | Reached skill level 1 in Bows
   141 | D:3      | Reached skill level 1 in Crossbows
   141 | D:3      | Reached skill level 1 in Throwing
   141 | D:3      | Reached skill level 1 in Stealth
   141 | D:3      | Reached skill level 1 in Shields
   141 | D:3      | Reached skill level 1 in Unarmed Combat
   141 | D:3      | Reached skill level 1 in Evocations
   141 | D:3      | Reached XP level 4. HP: 35/38 MP: 6/11
   261 | D:3      | Noticed Sigmund
   267 | D:3      | Quit the game

Skill      XL: |  1  2  3 |
---------------+----------+-----
Spellcasting   | 5 |  5.1
Invocations    | 1 |  1.2
Short Blades   | 1 |  1.1
Long Blades    | 1 |  1.1
Maces & Flails | 1 |  1.1
Polearms       | 1 |  1.1
Staves         | 1 |  1.1
Slings         | 1 |  1.1
Bows           | 1 |  1.1
Crossbows      | 1 |  1.1
Throwing       | 1 |  1.1
Stealth        | 1 |  1.1
Shields        | 1 |  1.1
Unarmed Combat | 1 |  1.1
Evocations     | 1 |  1.1
Fighting       | |  4.6
Axes           | |  4.6
Armour         | |  2.7
Dodging        | |  4.6
Conjurations   | |  0.9
Hexes          | |  0.9
Charms         | |  5.4
Summonings     | |  0.9
Necromancy     | |  0.9
Translocations | |  0.9
Transmutations | |  0.9
Fire Magic     | |  0.9
Ice Magic      | |  0.9
Air Magic      | |  0.9
Earth Magic    | |  0.9
Poison Magic   | |  0.9

Action                   |  1- 3 |  4- 6 || total
-------------------------+-------+-------++-------
Melee: Club              |    17 |       ||    17
       Bite              |     2 |     1 ||     3
       Hand axe          |     7 |    13 ||    20
 Cast: Infusion          |     1 |       ||     1
       Spectral Weapon   |     3 |     3 ||     6
       Song of Slaying   |     1 |       ||     1
       Regeneration      |       |     1 ||     1
Armor: Leather armour    |     4 |     2 ||     6
Dodge: Dodged            |    20 |     7 ||    27

Table legend:
 A = Turns spent in this place as a percentage of turns spent in the entire game.
 B = Non-inter-level travel turns spent in this place as a percentage of non-inter-level travel turns spent in the entire game.
 C = Inter-level travel turns spent in this place as a percentage of turns spent in this place.
 D = Turns resting spent in this place as a percentage of non-inter-level travel turns spent in this place.
 E = Turns spent auto-exploring this place as a percentage of non-inter-level travel turns spent in this place.
 F = Non-inter-level travel turns spent in this place divided by the number of levels of this place that you've seen.
                   A       B       C       D       E      F
               +-------+-------+-------+-------+-------+----------------------
         Total | 100.0 | 100.0 |   0.0 |   0.0 |   0.0 |  89.0
       Dungeon | 100.0 | 100.0 |   0.0 |   0.0 |   0.0 |  89.0
               +-------+-------+-------+-------+-------+----------------------

Table legend:
 A = Kills in this place as a percentage of kills in entire the game.
 B = Kills by you in this place as a percentage of kills by you in the entire game.
 C = Kills by friends in this place as a percentage of kills by friends in the entire game.
 D = Other kills in this place as a percentage of other kills in the entire game.
 E = Experience gained in this place as a percentage of experience gained in the entire game.
 F = Experience gained in this place divided by the number of levels of this place that you have seen.
                   A       B       C       D       E      F
               +-------+-------+-------+-------+-------+----------------------
         Total | 100.0 | 100.0 |   N/A |   N/A | 100.0 |  42.3
       Dungeon | 100.0 | 100.0 |   N/A |   N/A | 100.0 |  42.3
               +-------+-------+-------+-------+-------+----------------------

Vault maps used:
D:1:      minmay_arrival_jagged, minmay_split_cup_small
D:2:      lemuel_crystal_altar, kennysheep_slug_shrine, uniq_jessica
D:3:      first_ration, uniq_sigmund
